 Dungeon Crawl Stone Soup version 0.27.0-1-g7a089689b8 (webtiles) character file.

Game seed: 4031697494494629787

557 Leeroy the Magician (level 7, -9/52 HPs)
             Began as a Djinni Warper on Aug 5, 2021.
             Mangled by an ogre (18 damage)
             ... on level 5 of the Dungeon.
             The game lasted 00:06:05 (3847 turns).

Leeroy the Magician (Djinni Warper)                 Turns: 3847, Time: 00:06:05

Health: -9/52      AC:  3    Str: 10    XL:     7   Next: 56%
Gold:   163        EV: 15    Int: 23    God:
                   SH:  0    Dex: 12

rFire    + + .     SeeInvis .   i - +2 dagger (speed)
rCold    x . .     Faith    .   (no shield)
rNeg     . . .     Spirit   .   b - +0 leather armour
rPois    ∞         Reflect  .   (no helmet)
rElec    .         Harm     .   (no cloak)
rCorr    .         Rampage  .   (no gloves)
Will     .....                  (boots unavailable)
Stlth    +.........             (no amulet)
HPRegen  0.17/turn              m - +6 ring of intelligence
MPRegen  0.00/turn              r - +4 ring of evasion

@: attractive, flying
A: sickness immunity, fire resistance 2, cold vulnerability 1, float, innate
caster, hp casting, extra vitality 1
a: no special abilities


You were on level 5 of the Dungeon.
You visited 1 branch of the dungeon, and saw 6 of its levels.

You collected 163 gold pieces.

Inventory:

Hand Weapons
 a - a +0 falchion
 i - a +2 dagger of speed (weapon)
 o - a +2 whip of flaming
Missiles
 d - 5 boomerangs of dispersal (quivered)
 l - 23 poisoned darts
 s - 6 silver javelins
Armour
 b - a +0 leather armour (worn)
 v - a +2 ring mail of fire resistance
Jewellery
 m - a +6 ring of intelligence (left hand)
 r - a +4 ring of evasion (right hand)
Wands
 n - a wand of polymorph (7)
Scrolls
 c - a scroll of blinking
 e - a scroll of noise {unknown}
 h - a scroll of vulnerability {unknown}
 k - 3 scrolls of identify
 q - a scroll of teleportation
 w - a scroll of magic mapping {unknown}
Potions
 f - a potion of degeneration {unknown}
 g - a potion of attraction
 j - a potion of might {unknown}
 p - 2 potions of lignification {unknown}
 t - a potion of invisibility {unknown}
 u - a potion of magic {unknown}


   Skills:
 - Level 4.2 Fighting
 - Level 2.7 Long Blades
 - Level 0.7 Throwing
 - Level 3.1 Armour
 - Level 2.1 Dodging
 + Level 4.6 Spellcasting


You couldn't memorise any spells.
You knew the following spells:

 Your Spells              Type           Power      Damage    Failure   Level
a - Blink                 Tloc           N/A        N/A       3%          2
b - Lesser Beckoning      Tloc           13%        N/A       6%          3
c - Gell's Gravitas       Tloc           13%        N/A       6%          3
d - Teleport Other        Tloc           26%        N/A       6%          3
e - Manifold Assault      Tloc           26%        N/A       47%         5
f - Foxfire               Conj/Fire      100%       2x1d9     1%          1
g - Corpse Rot            Necr/Air       N/A        N/A       3%          2
h - Poisonous Vapours     Pois/Air       52%        N/A       3%          2
Your spell library was empty.

Dungeon Overview and Level Annotations

Branches:
Dungeon (7/15)
 Temple: D:4-7

Altars:

Shops:
D:2 (


Innate Abilities, Weirdness & Mutations

You are immune to sickness and miasma.
You are immune to poison.
Your flesh is very heat resistant. (rF++)
You are vulnerable to cold. (rC-)
You float through the air rather than walking.
You learn spells naturally, not from books.
Your magical power is your life essence.
You have superior vitality. (+4 HP)


Message History

The adder closely misses you. The adder completely misses you.
You hit the adder.
The adder is heavily wounded.
The adder closely misses you. x2
You closely miss the adder.
The adder is heavily wounded.
The adder bites you. The adder bites you but does no damage.
You closely miss the adder.
The adder is heavily wounded.
The adder misses you. The adder closely misses you.
You barely miss the adder.
The adder is heavily wounded.
The adder bites you.
You hit the adder.
The adder is almost dead.
The adder misses you.
You hit the adder.
You kill the adder!
The adder bites you. The adder bites you.
The adder bites you but does no damage. The adder misses you.
The adder bites you but does no damage. The adder bites you.
A river rat comes into view.
The adder misses you. The river rat bites you!
* * * LOW HITPOINT WARNING * * *
You barely miss the river rat. The adder closely misses you.
The river rat bites you.
* * * LOW HITPOINT WARNING * * *
You barely miss the river rat. The adder bites you.
* * * LOW HITPOINT WARNING * * *
Casting: Blink (safe; 3% risk of failure)
Confirm with . or Enter, or press ? or * to list all spells.
You blink.
* * * LOW HITPOINT WARNING * * *
It was a potion of attraction.
You feel attractive to monsters.
The ogre hits you with a +0 giant club!!
You die...

#..###.#.#.#.###.#.#
#....#.#.#...# #.#..
#.#..#.#.#..## #
#### .....#.#.#..+
#....#.O..##
#....#.....#
#..........#
###.#######..#
#.##≈rSO@####
#O#≈#####≈# #.#≈#
#≈# #≈#≈# #≈# #≈#≈#
#≈# #≈#≈# #≈# #.##≈
#†# #.#######.#
##O.≈≈.≈≈##


You could see an ogre, an adder and a river rat.

Vanquished Creatures
  Menkaure (D:6)
  An ice beast (D:6)
  An ogre (D:6)
  A phantom (D:6)
  A wyvern zombie (D:7)
  Jessica (D:2)
  5 adders
  2 dart slugs (D:3)
  4 orcs
  5 ball pythons
  3 endoplasms (D:1)
  A giant cockroach (D:1)
  6 goblins
  5 hobgoblins
  7 jackals (D:3)
  2 bats (D:3)
  2 frilled lizards (D:1)
  6 kobolds
  4 rats
58 creatures vanquished.

Vanquished Creatures (others)
  93 foxfires
93 creatures vanquished.

Grand Total: 151 creatures vanquished

Notes
Turn   | Place    | Note
-------+----------+-------------------------------------------
     0 | D:1      | Leeroy the Djinni Warper began the quest for the Orb.
     0 | D:1      | Reached XP level 1. HP: 18/18 MP: 0/0
   123 | D:1      | Found a faded altar of an unknown god.
   192 | D:1      | Reached XP level 2. HP: 18/23 MP: 0/0
   759 | D:1      | Reached XP level 3. HP: 28/28 MP: 0/0
   759 | D:1      | Learned a level 1 spell: Foxfire
  1236 | D:2      | Found Ucruc's Antique Weapon Emporium.
  1323 | D:2      | Noticed Jessica
  1327 | D:2      | Killed Jessica
  1328 | D:2      | Reached XP level 4. HP: 33/35 MP: 0/0
  2333 | D:3      | Reached XP level 5. HP: 41/41 MP: 0/0
  2333 | D:3      | Learned a level 2 spell: Corpse Rot
  2638 | D:3      | You are sucked into a shaft and drop 3 floors!
  2640 | D:6      | Noticed a phantom
  2656 | D:6      | Killed a phantom
  2657 | D:6      | Reached XP level 6. HP: 29/47 MP: 0/0
  2842 | D:6      | Noticed an ice beast
  2851 | D:6      | Killed an ice beast
  3128 | D:6      | Noticed an ogre
  3141 | D:6      | Killed an ogre
  3142 | D:6      | Reached XP level 7. HP: 49/52 MP: 0/0
  3142 | D:6      | Learned a level 2 spell: Poisonous Vapours
  3247 | D:6      | Noticed Menkaure
  3673 | D:6      | Killed Menkaure
  3743 | D:6      | Noticed a cyclops
  3757 | D:5      | Entered Level 5 of the Dungeon
  3847 | D:5      | Mangled by an ogre

Illustrated notes

Levels and vault maps discovered:
D:1:      zaba_arrival_water, layout_basic, ebering_ecumenical_altar_box
D:2:      layout_loops_ring, serial_shops, shop_statue, grunt_ministairs_13,
          uniq_jessica
D:3:      layout_rooms, minmay_close_crescents
D:5:      minmay_thinvault, layout_basic, serial_co_window_serial,
          co_window_corner_a, co_window_paths_a, co_window_paths_a,
          co_window_paths_a, co_window_paths_b, co_window_corner_b,
          co_window_corner_ca, co_window_2corner, co_window_of_opportunity_c,
          co_window_of_opportunity_c, co_window_cross_4, co_window_4corner_b,
          glass_columns_c, glass_columns_c, gup_sewer_entry_spiral
D:6:      layout_loops_ring, slow_altar_2, amethyst_killhole, uniq_eustachio,
          uniq_edmund, uniq_menkaure, uniq_sigmund
D:7:      layout_cave_pools, minmay_temple_entry_drinking_statues,
          gammafunk_ghost_wrathful_warriors

Skill      XL: |  1  2  3  4  5  6  7 |
---------------+----------------------+-----
Long Blades    | 2 |  2.7
Fighting       | 3 4 |  4.2
Armour         | 3 |  3.1
Spellcasting   | 3 4 |  4.6
Throwing       | |  0.7
Dodging        | |  2.1

Action                   |  1- 3 |  4- 6 |  7- 9 || total
-------------------------+-------+-------+-------++-------
Melee: Falchion          |    27 |       |       ||    27
       Dagger            |    40 |    65 |    24 ||   129
 Cast: Foxfire           |     3 |    41 |     8 ||    52
       Blink             |       |     1 |     4 ||     5
  Use: Scroll            |       |       |     2 ||     2
       Potion            |       |       |     1 ||     1
 Stab: Sleeping          |     1 |     1 |     1 ||     3
Armor: Leather armour    |    14 |     9 |     6 ||    29
Dodge: Dodged            |    33 |    32 |    19 ||    84
       Rpst.: Falchion   |     9 |       |       ||     9
